AoeStats
← tarepo

Yucatan

503231294Analyzed
4v4 RM · 1mo ago on Aug 30, 2026· 53m 35s· 8 players
Game mode
Random Map
Map size
Large (8 player)
Population
200
Speed
Normal
Resources
Standard
Victory
Conquest
Starting age
Dark Age
Ending age
Imperial Age
RankedLock teamsTeams togetherTeam positionsShared explorationLock speedFull tech treeHidden civsTurbo modeCheats
Victory
Defeat
🇮🇳 Byzantines · India
730
+11
🇲🇽 Franks · Mexico
678
+13
🇮🇳 Teutons · India
678
+13
🇲🇽 Turks · Mexico
675
+13
🇭🇺 Teutons · Hungary
661
-15
🇦🇹 Wu · Austria
655
-14
🇨🇭 Persians · Switzerland
598
-12
🇺🇸 Huns · United States
539
-9
tarepo
5:01 Loom
11:02 Feudal Age
17:54 Castle Age
15:48 Double-Bit Axe
18:15 Gold Mining
18:21 Stone Mining
19:14 Wheelbarrow
19:25 Wheelbarrow
18:48 Light Cavalry
19:40 Bloodlines
20:55 Bow Saw
23:00 Scale Barding Armor
23:06 Forging
25:23 Caravan
26:05 Town Watch
27:25 Horse Collar
29:08 Husbandry
31:26 Hand Cart
36:28 Imperial Age
35:32 Chain Barding Armor
35:48 Iron Casting
37:41 Heavy Plow
38:48 Cavalier
38:50 Hussar
43:20 Plate Barding Armor
43:51 Stone Shaft Mining
43:58 Gold Shaft Mining
43:40 Savar
45:26 Conscription
46:56 Blast Furnace
45:57 Scale Mail Armor
45:49 Fletching
45:30 Elite War Elephant
49:57 Heavy Camel Rider
reficulight
4:38 Loom
10:51 Feudal Age
12:34 Double-Bit Axe
17:49 Horse Collar
21:09 Stone Mining
21:11 Gold Mining
24:58 Castle Age
23:37 Arson
23:12 Man-at-Arms
26:32 Stone Shaft Mining
26:15 Scale Mail Armor
26:26 Forging
26:49 Squires
26:35 Gambesons
27:21 Heavy Plow
27:33 Bow Saw
27:27 Caravan
28:05 Chain Mail Armor
28:43 Ballistics
28:34 Fortified Wall
28:06 Pikeman
31:37 Masonry
32:49 Iron Casting
32:51 Fletching
37:39 Imperial Age
39:07 Conscription
38:37 Capped Ram
39:11 Halberdier
40:05 Siege Engineers
39:46 Arrowslits
45:16 Elite Teutonic Knight
46:19 Town Watch
49:12 Plate Mail Armor
49:51 Blast Furnace
53:03 Bodkin Arrow
54:11 Chemistry
durvaDidi
1:16 Loom
10:51 Feudal Age
15:27 Horse Collar
15:37 Double-Bit Axe
26:06 Castle Age
24:29 Scale Barding Armor
24:25 Scale Mail Armor
24:36 Forging
29:10 Bow Saw
28:56 Arson
29:12 Squires
35:48 Husbandry
35:11 Light Cavalry
38:58 Wheelbarrow
38:56 Masonry
39:43 Chain Barding Armor
39:15 Fletching
39:26 Padded Archer Armor
40:15 Pikeman
42:14 Stone Mining
42:14 Gold Mining
42:39 Caravan
43:19 Bloodlines
44:19 Hand Cart
45:52 Heavy Plow
50:17 Red Cliffs Tactics
52:50 Imperial Age
50:38 Chain Mail Armor
50:19 Bodkin Arrow
50:10 Treadmill Crane
51:39 Coinage
blackjack6894
0:52 Loom
13:27 Feudal Age
14:49 Wheelbarrow
13:59 Town Watch
14:18 Double-Bit Axe
14:17 Horse Collar
17:51 Bloodlines
19:15 Scale Barding Armor
19:21 Forging
19:03 Fletching
23:32 Castle Age
24:41 Bodkin Arrow
25:55 Stone Mining
35:00 Heavy Plow
38:28 Bow Saw
38:39 Hand Cart
45:37 Gold Mining
51:15 Gold Shaft Mining
52:34 Fishing Lines
filiusgaya
1:54 Loom
14:09 Feudal Age
14:41 Town Watch
14:39 Horse Collar
14:49 Double-Bit Axe
18:14 Wheelbarrow
17:44 Gold Mining
17:45 Stone Mining
27:08 Castle Age
29:42 Gold Shaft Mining
29:09 Town Patrol
29:25 Hand Cart
37:57 Treadmill Crane
41:38 Imperial Age
40:40 Bow Saw
40:34 Heavy Plow
42:24 Coinage
41:54 Caravan
42:00 Heavy Camel Rider
42:41 Husbandry
42:52 Bloodlines
42:16 Capped Ram
44:38 Forging
44:29 Scale Mail Armor
44:35 Scale Barding Armor
44:20 Fletching
44:31 Padded Archer Armor
44:45 Guilds
45:06 Banking
52:56 Artillery
53:17 Conscription
53:17 Sipahi
2022aoe2
0:29 Loom
11:08 Feudal Age
11:38 Double-Bit Axe
17:03 Gold Mining
19:21 Stone Mining
22:19 Castle Age
23:34 Bow Saw
24:14 Town Watch
24:06 Pikeman
27:54 Coinage
29:15 Wheelbarrow
30:05 Caravan
40:10 Imperial Age
40:40 Cavalier
43:51 Hand Cart
44:13 Ballistics
44:54 Chemistry
44:01 Siege Engineers
44:38 Cavalier
49:01 Banking
48:28 Paladin
50:43 Husbandry
52:08 Forging
51:49 Fletching
51:59 Padded Archer Armor
51:59 Scale Mail Armor
52:05 Scale Barding Armor
boomxboom
6:33 Loom
12:12 Feudal Age
13:58 Double-Bit Axe
13:54 Horse Collar
14:09 Stone Mining
19:16 Castle Age
19:28 Gold Mining
21:42 Pikeman
23:09 Gambesons
23:25 Squires
27:17 Stone Shaft Mining
26:55 Bow Saw
30:44 Wheelbarrow
34:49 Imperial Age
33:19 Heavy Plow
33:56 Gold Shaft Mining
36:38 Chemistry
35:58 Ballistics
35:14 Man-at-Arms
36:22 Hand Cart
37:34 Two-Man Saw
37:05 Crop Rotation
39:19 Conscription
39:35 Hoardings
38:28 Crossbowman
39:14 Thumb Ring
40:04 Elite Cataphract
41:37 Forging
41:28 Scale Mail Armor
41:33 Padded Archer Armor
41:23 Fletching
41:15 Halberdier
44:14 Treadmill Crane
44:31 Arbalester
46:20 Logistica
52:00 Bombard Tower
viharsj27
12:49 Feudal Age
11:59 Loom
13:17 Double-Bit Axe
13:15 Horse Collar
21:45 Wheelbarrow
21:07 Gold Mining
21:07 Stone Mining
24:55 Castle Age
26:10 Bow Saw
26:23 Hand Cart
27:23 Stone Shaft Mining
33:28 Caravan
36:18 Imperial Age
33:53 Heavy Plow
34:16 Forging
34:06 Scale Mail Armor
38:40 Crop Rotation
39:20 Two-Man Saw
40:20 Chemistry
39:46 Ballistics
40:41 Elite Teutonic Knight
41:44 Ironclad
42:26 Cavalier
45:44 Scale Mail Armor
46:25 Iron Casting
45:58 Scale Barding Armor
45:54 Padded Archer Armor
45:44 Fletching
47:44 Paladin
48:35 Bloodlines
Connection lost

Rejoining the realm…

Still unreachable

The connection could not be restored.

Session expired

The server has moved on; the page needs a fresh start.